 Dungeon Crawl Stone Soup version 0.21-a0-552-g593960d (webtiles) character file.

26 Klosterheim the Skirmisher (level 3, -3/37 HPs)
             Began as an Ogre Skald on Dec 17, 2017.
             Killed from afar by an orc wizard (5 damage)
             ... with a magic dart
             ... on level 2 of the Dungeon.
             The game lasted 00:02:35 (1168 turns).

Klosterheim the Skirmisher (Ogre Skald)             Turns: 1168, Time: 00:02:38

Health: -3/37      AC:  4    Str: 15    XL:     3   Next: 8%
Magic:  4/7        EV: 10    Int: 15    God:
Gold:   31         SH:  0    Dex:  8    Spells: 4/7 levels left

rFire    + . .     SeeInvis .   a - +0 mace
rCold    + . .     Gourm    .   (no shield)
rNeg     . . .     Faith    .   b - +1 robe
rPois    +         Spirit   .   (helmet restricted)
rElec    +         Reflect  .   (no cloak)
rCorr    +         Harm     .   (gloves unavailable)
MR       .....                  (boots unavailable)
Stlth    +.........             (no amulet)
HPRegen  0.12/turn              (no ring)
MPRegen  0.10/turn              (no ring)

@: resistant, slowed, very slow
A: large, unfitting armour, sense surroundings 1, tough skin 1
a: no special abilities


You were on level 2 of the Dungeon.
You were hungry.

You visited 1 branch of the dungeon, and saw 2 of its levels.

You collected 31 gold pieces.

Inventory:

Hand Weapons
 a - a +0 mace (weapon)
Armour
 b - a +1 robe (worn)
Jewellery
 m - an uncursed ring of poison resistance {unknown}
Scrolls
 j - 2 scrolls of amnesia {unknown}
 k - a scroll of noise {unknown}
 l - a scroll of immolation {unknown}
Potions
 e - a potion of resistance
Books
 c - a book of Battle

   Spells                             Type                      Level
   a - Infusion                       Charms                       1
   b - Shroud of Golubria             Charms/Translocation         2
   c - Song of Slaying                Charms                       2
   d - Spectral Weapon                Hexes/Charms                 3
   e - Regeneration                   Charms/Necromancy            3
Comestibles
 d - 2 bread rations
 h - 2 royal jellies


   Skills:
 + Level 3.1 Fighting
 * Level 2.3 Maces & Flails
 + Level 2.4 Dodging
 + Level 2.7 Spellcasting
 + Level 2.8 Charms


You had 4 spell levels left.
You knew the following spells:

 Your Spells              Type           Power        Failure   Level  Hunger
a - Infusion              Chrm           ##..         6%          1    #......
b - Shroud of Golubria    Chrm/Tloc      #.........   17%         2    ##.....


Dungeon Overview and Level Annotations

Branches:
Dungeon (2/15)

Altars:
Ru

Annotations:
D:2 2 transporters


Innate Abilities, Weirdness & Mutations

You are too large for most types of armour.
You have tough skin. (AC +1)
You passively map a small area around you.


Message History

* * * LOW HITPOINT WARNING * * *
You hit the orc wizard but do no damage.
The orc wizard is severely wounded.
The orc wizard hits you with a dagger.
* * * LOW HITPOINT WARNING * * *
The orc wizard hits you but does no damage.
The orc wizard gestures at you while chanting.
The magic dart hits you!
* * * LOW HITPOINT WARNING * * *
As you read the scroll labeled ECECOU DUDGHYAGH, it crumbles to dust.
It is a scroll of enchant armour.
Your +0 robe glows green for a moment.
The orc wizard barely misses you. The orc wizard closely misses you.
You closely miss the orc wizard.
The orc wizard is severely wounded.
The orc wizard hits you with a dagger.
* * * LOW HITPOINT WARNING * * *
The orc wizard points at you and mumbles some strange words.
The magic dart hits you!
You die...

* ...#.##.# *
.©......##* *
######...# ,
....8##..##,,
,......#...
..#..#.©.#.)#..# ,
..#.#.....#.#o.# ,
, #.#©.......l#@.#
#.#$#.....#b#..#
+###.#..#...#KZ#.##
.##..#..)($)!oF#)#
.##..##8$)_.$8##.#
*
.##...#########..#
*
..#.#.....©.....##
....##.##...#####
..#.##.##..## *


You could see a bullfrog, an orc wizard, an orc, a giant cockroach zombie, a
bat, a kobold and a frilled lizard.

Vanquished Creatures
  A leopard gecko (D:1)
  2 orcs (D:2)
  A ball python (D:1)
  A giant cockroach (D:2)
  3 goblins (D:1)
  A hobgoblin (D:1)
  2 kobolds (D:1)
  A quokka (D:2)
  4 bats (D:1)
  A frilled lizard (D:2)
  5 rats (D:1)
22 creatures vanquished.

Notes
Turn   | Place    | Note
-------+----------+-------------------------------------------
     0 | D:1      | Klosterheim the Ogre Skald began the quest for the Orb.
     0 | D:1      | Reached XP level 1. HP: 22/22 MP: 3/3
   347 | D:1      | Reached XP level 2. HP: 25/29 MP: 5/5
   351 | D:1      | Learned a level 2 spell: Shroud of Golubria
   728 | D:1      | Reached skill level 3 in Fighting
  1063 | D:2      | Found a faded altar of an unknown god.
  1110 | D:2      | Found a transporter.
  1111 | D:2      | Found a sacrificial altar of Ru.
  1112 | D:2      | Noticed a bullfrog
  1128 | D:2      | Found a transporter.
  1142 | D:2      | Reached XP level 3. HP: 26/37 MP: 0/7
  1149 | D:2      | HP: 1/37 [orc/short sword (6)]
  1157 | D:2      | Gained mutation: Your natural rate of healing is unusually fast. [potion of mutation]
  1157 | D:2      | Lost mutation: Your natural rate of healing is unusually fast. [potion of mutation]
  1157 | D:2      | Gained mutation: You passively map a small area around you. [potion of mutation]
  1168 | D:2      | Killed from afar by an orc wizard

Vault maps used:
D:1:      nicolae_arrival_memento_mori
D:2:      gammafunk_temple_overflow_arena, chequers_ecumenical_altar_simple,
          first_bread, grunt_gozag_statues, uniq_terence

Skill      XL: |  1  2 |
---------------+-------+-----
Maces & Flails | 2 |  2.3
Fighting       | 3 |  3.1
Dodging        | |  2.4
Spellcasting   | |  2.7
Charms         | |  2.8

Action                   || total
-------------------------++-------
Melee: Mace              ||    98
 Cast: Shroud of Golubri ||     6
       Infusion          ||     1
  Use: Potion            ||     5
       Scroll            ||     1
 Stab: Sleeping          ||     1
  Eat: Chunk             ||     1
Armor: Robe              ||    51
Dodge: Dodged            ||    82

Table legend:
 A = Spawn XP
 B = Non-spawn XP
 C = Spawn XP percentage of total XP
 D = Spawn monster count
 E = Non-spawn monster count
 F = Spawn count percentage of total count
 G = Total turns spent on level
                    A         B        C        D         E        F      G
               +---------+---------+-------+---------+---------+-------+---------
         Total |       0 |      38 |   0.0 |       0 |      22 |   0.0 |  1168
               +---------+---------+-------+---------+---------+-------+---------
           D:1 |       0 |      27 |   0.0 |       0 |      17 |   0.0 |   957
           D:2 |       0 |      11 |   0.0 |       0 |       5 |   0.0 |   211
               +---------+---------+-------+---------+---------+-------+---------
